 Dungeon Crawl Stone Soup version 0.29.1-13-g9f3cf754e1 (webtiles) character file.

Game seed: 12916972419394642077

5 retardedninja the Covered (level 1, 0/14 HPs)
             Began as a Gargoyle Fighter on Jan 24, 2023.
             Slain by a quokka (2 damage)
             ... on level 1 of the Dungeon.
             The game lasted 00:00:18 (51 turns).

retardedninja the Covered (Gargoyle Fighter)          Turns: 51, Time: 00:00:19

Health: 0/14       AC:  9    Str: 19    XL:     1   Next: 80%
Magic:  1/1        EV:  9    Int:  8    God:
Gold:   0          SH:  4    Dex:  9    Spells: 0/0 levels left

rFire   . . .      SeeInvis .   a - +0 flail
rCold   . . .      Faith    .   c - +0 buckler
rNeg    + . .      Spirit   .   b - +0 scale mail
rPois   ∞          Reflect  .   (no helmet)
rElec   +          Harm     .   (no cloak)
rCorr   .          Rampage  .   (no gloves)
Will    .....                   (no boots)
Stlth   ..........              (no amulet)
HPRegen 0.04/turn               (no ring)
MPRegen 0.07/turn               (no ring)

@: no status effects
A: sickness immunity, AC +2, negative energy resistance 1, electricity
resistance, torment resistance 1, petrification resistance
a: no special abilities


You were on level 1 of the Dungeon.
You visited 1 branch of the dungeon, and saw 1 of its levels.

Inventory:

Hand Weapons
 a - a +0 flail (weapon)
Armour
 b - a +0 scale mail (worn)
 c - a +0 buckler (worn)
Scrolls
 f - a scroll of fear {unknown}
Potions
 d - a potion of might
 e - a potion of degeneration {unknown}


   Skills:
 + Level 3.4 Fighting
 + Level 2.1 Maces & Flails
 + Level 3.4 Armour
 + Level 3.4 Shields


You couldn't memorise any spells.
You didn't know any spells.
Your spell library was empty.

Dungeon Overview and Level Annotations

Branches:
Dungeon (1/15)

Altars:


Innate Abilities, Weirdness & Mutations

You are immune to sickness and miasma.
Your stone body is resilient. (AC +2)
You are immune to poison.
You resist negative energy. (rN+)
You are resistant to electric shocks. (rElec)
You are resistant to unholy torment.
You are immune to petrification.


Message History

You sock the endoplasm!
You kill the endoplasm!
The kobold hits you but does no damage. The kobold barely misses you.
You sock the endoplasm!
You kill the endoplasm!
The kobold completely misses you. The kobold hits you with a +0 dagger.
You block the kobold's attack. The kobold closely misses you.
The kobold hits you but does no damage. You block the kobold's attack.
The kobold closely misses you.
You barely miss the kobold. The quokka bites you.
The kobold hits you with a +0 club.
* * * LOW HITPOINT WARNING * * *
The kobold completely misses you.
The quokka bites you but does no damage.
You sock the kobold!
You kill the kobold!
The quokka bites you but does no damage.
The kobold hits you but does no damage. The quokka barely misses you.
The kobold hits you but does no damage. The quokka barely misses you.
You see here a +0 club.
You hit the kobold but do no damage. The kobold barely misses you.
The quokka misses you. The kobold hits you but does no damage.
You barely miss the kobold.
The quokka bites you but does no damage.
The kobold closely misses you. The quokka barely misses you.
You barely miss the kobold.
The quokka twitches its whiskers.
The quokka bites you but does no damage.
The kobold closely misses you. The quokka barely misses you.
You barely miss the kobold. The kobold hits you but does no damage.
The quokka bites you but does no damage.
The kobold hits you with a +0 dagger.
* * * LOW HITPOINT WARNING * * *
You completely miss the kobold.
The quokka bites you but does no damage.
You block the kobold's attack.
The quokka bites you but does no damage.
You closely miss the kobold. The kobold barely misses you.
The quokka bites you.
You die...

....... .......
..$....
......########
#............
###.........###
#..............
#.....r...#
#.^.K@....#
.#.........#####
...>.............
..#.#####.######
. #. #.#
..#.#####.#
.........#
###.#####.#
..........#


You could see a quokka and a kobold.

Vanquished Creatures
  2 endoplasms (D:1)
  2 kobolds (D:1)
4 creatures vanquished.

Notes
Turn   | Place    | Note
-------+----------+-------------------------------------------
     0 | D:1      | retardedninja the Gargoyle Fighter began the quest for the
                  | Orb.
     0 | D:1      | Reached XP level 1. HP: 14/14 MP: 1/1
    51 | D:1      | Slain by a quokka

Illustrated notes

Levels and vault maps discovered:
D:1:      ncdulo_lavacross, layout_basic, minmay_statues_item

Action                   || total
-------------------------++-------
Melee: Flail             ||    14
Armor: Scale mail        ||    13
Dodge: Dodged            ||    17
Block: Buckler           ||     4
